 Dungeon Crawl Stone Soup version 0.30-a0-371-gad7725a93e (webtiles) character file.

Game seed: 2152880117475276254

60 night the Chiller (level 3, -7/31 HPs)
             Began as a Troll Ice Elementalist on Nov 20, 2022.
             Killed from afar by Natasha (16 damage)
             ... with a bolt of dispelling energy
             ... on level 2 of the Dungeon.
             The game lasted 00:02:08 (1255 turns).

night the Chiller (Troll Ice Elementalist)          Turns: 1255, Time: 00:02:08

Health: -7/31      AC:  4    Str: 16    XL:     3   Next: 82%
Magic:  4/4        EV:  9    Int: 13    God:
Gold:   71         SH:  0    Dex: 10    Spells: 1/5 levels left

rFire   . . .      SeeInvis .      - Unarmed
rCold   . . .      Faith    .    (no shield)
rNeg    . . .      Spirit   .    a - +0 robe
rPois   .          Reflect  .    (helmet restricted)
rElec   .          Harm     .    (no cloak)
rCorr   .          Rampage  .    (gloves unavailable)
Will    .....                    (boots unavailable)
Stlth   +.........               (no amulet)
HPRegen 1.05/turn                (no ring)
MPRegen 0.09/turn                (no ring)

@: no status effects
A: large, unfitting armour, claws 3, regeneration 1, shaggy fur 1, tough skin 1
a: no special abilities


You were on level 2 of the Dungeon.
You visited 1 branch of the dungeon, and saw 2 of its levels.

You collected 71 gold pieces.

Inventory:

Missiles
 d - 17 stones
Armour
 a - a +0 robe (worn)
 f - a +0 kite shield
 l - a +0 tower shield
Scrolls
 c - a scroll of fear {unknown}
 i - 3 scrolls of identify {unknown}
Potions
 b - a potion of magic
 e - a potion of attraction {unknown}
 g - 3 potions of flight {unknown}
 h - 3 potions of might {unknown}
 j - a potion of haste {unknown}
 k - a potion of curing {unknown}


   Skills:
 - Level 1.5 Dodging
 - Level 1.0 Stealth
 + Level 1.8 Unarmed Combat
 + Level 1.8 Spellcasting
 + Level 3.3 Ice Magic


You had one spell level left.
You knew the following spells:

 Your Spells              Type           Power      Damage    Failure   Level
a - Freeze                Ice            40%        1d6       6%          1
b - Frozen Ramparts       Ice            20%        1d4       19%         3

Your spell library contained the following spells:

 Spells                   Type           Power      Damage    Failure   Level
 Shock                    Conj/Air       4%         1d3       26%         1
 Ozocubu's Armour         Ice            10%        N/A       19%         3
 Swiftness                Air            1%         N/A       61%         3
 Summon Ice Beast         Ice/Summ       5%         N/A       78%         4
 Airstrike                Air            0%         2d(1-17)  95%         4


Dungeon Overview and Level Annotations

Branches:
Dungeon (2/15)

Altars:

Annotations:
D:2 Natasha


Innate Abilities, Weirdness & Mutations

You are too large for most types of armour.
You have claws for hands.
Your natural rate of healing is unusually fast.
You are covered in fur. (AC +1)
You have tough skin. (AC +1)


Message History

Natasha casts a spell at you. You resist with significant effort.
Casting: Frozen Ramparts (quite dangerous; 21% risk of failure)
Confirm with . or Enter, or press ? or * to list all spells.
Casting: Frozen Ramparts (quite dangerous; 21% risk of failure)
Press: ? - help, Dir - look around, f - activate The walls around you are covered in ice.
The wall freezes Natasha.
Natasha stares at you and mumbles some strange words.
You feel yourself slow down.
The wall freezes Natasha.
Natasha stares at you and mumbles some strange words.
The magic dart hits you!
The wall freezes Natasha.
You closely miss Natasha.
Natasha is moderately wounded.
The wall freezes Natasha.
Natasha claws you.
You scratch Natasha.
Natasha is severely wounded.
The wall freezes Natasha.
Natasha casts a spell at you.
You feel as though you will be slow longer.
The wall freezes Natasha.
You kill Natasha!
Natasha screams in fury as she dies!
The frozen ramparts melt away.
HP restored.
Found a stone staircase leading up.
You see here the felid corpse of Natasha.
Natasha, Servant of Life and Death comes into view.
She is carrying a wand of quicksilver (7).
Natasha stares at you and mumbles some strange words.
The magic dart hits you.
Natasha zaps a wand.
The bolt of dispelling energy hits you!!
Your magical effects are unravelling.
Ouch! That really hurt!
* * * LOW HITPOINT WARNING * * *
There is a stone staircase leading up here.
You feel yourself speed up.
Natasha zaps a wand.
The bolt of dispelling energy hits you!
Ouch! That really hurt!
You die...

.#.............#
####.#.#####.##....#
#......# #.##....#
#......# #.##....#
###......#####.##...)#
h...........##.# ###
#......!...##.####
#..........##....######
#@# #..........
#.####.# ####........†.
#......# #.............
#.###..# #.##..........
#..# #.##....#.####
#####..# #.####....#
#.######......#
#.######..####
#........####†#
#.#..........#
##.......#
#.#.######....


You could see Natasha.

Vanquished Creatures
  Natasha (D:2)
  A worm (D:2)
  5 endoplasms (D:1)
  4 giant cockroaches (D:1)
  3 hobgoblins (D:1)
  4 kobolds
  2 quokkas (D:1)
  2 ball pythons (D:1)
  A bat (D:2)
  3 frilled lizards (D:1)
  3 goblins
  3 rats
32 creatures vanquished.

Notes
Turn   | Place    | Note
-------+----------+-------------------------------------------
     0 | D:1      | night the Troll Ice Elementalist began the quest for the
                  | Orb.
     0 | D:1      | Reached XP level 1. HP: 16/16 MP: 1/1
    36 | D:1      | Reached skill level 3 in Ice Magic
   224 | D:1      | Reached XP level 2. HP: 24/24 MP: 3/3
   283 | D:1      | Reached skill level 1 in Unarmed Combat
   510 | D:1      | Reached XP level 3. HP: 31/31 MP: 4/4
   514 | D:1      | Learned a level 3 spell: Frozen Ramparts
  1222 | D:2      | Noticed Natasha
  1227 | D:2      | Killed Natasha
  1254 | D:2      | Noticed Natasha
  1255 | D:2      | Killed from afar by Natasha

Illustrated notes

Levels and vault maps discovered:
D:1:      minmay_arrival_loop, layout_basic
D:2:      layout_basic, uniq_natasha

Skill      XL: |  1  2 |
---------------+-------+-----
Ice Magic      | 3 |  3.3
Unarmed Combat | 1 |  1.8
Dodging        | |  1.5
Stealth        | |  1.0
Spellcasting   | |  1.8

Action                   || total
-------------------------++-------
Melee: Unarmed           ||    94
 Cast: Frozen Ramparts   ||     3
 Stab: Sleeping          ||     2
Armor: Robe              ||    26
Dodge: Dodged            ||    31

Table legend: (Time is in decaauts)
 A = Elapsed time spent in this place.
 B = Non-inter-level travel time spent in this place.
 C = Inter-level travel time spent in this place.
 D = Time resting spent in this place.
 E = Time spent auto-exploring this place.
 F = Levels seen in this place.
 G = Mean time per level.
                   A        B        C        D        E       F      G
               +--------+--------+--------+--------+--------+-----+--------+
         Total |   1268 |   1255 |     13 |      0 |   1034 |   2 |  634.0 |
       Dungeon |   1268 |   1255 |     13 |      0 |   1034 |   2 |  634.0 |
               +--------+--------+--------+--------+--------+-----+--------+

Top non-repeatable levels by time:
     D:1: 803 daAuts
     D:2: 464 daAuts
